[Event "RUS-chT Men Rapid 2019"]
[Site "Sochi"]
[Date "2019.10.19"]
[Round "9.6"]
[White "Khegay, Dmitriy"]
[Black "Lugovskoy, Maxim"]
[Result "0-1"]
[ECO "C05"]
[WhiteElo "2509"]
[BlackElo "2436"]
[Annotator "ChessBase"]
[PlyCount "54"]
[EventDate "2019.10.18"]
[EventType "swiss"]
[EventCountry "RUS"]
[SourceTitle "playchess.com"]
[Source "ChessBase"]
[SourceQuality "1"]
[TimeControl "900+10"]

1. e4 e6 2. d4 d5 3. Nd2 Nf6 4. e5 Nfd7 5. f4 c5 6. c3 Qb6 7. Ndf3 Nc6 8. g3 cxd4 9. cxd4 f6 10. Bd3 Be7 11. Kf1 g5 12. exf6 Nxf6 13. fxg5 Ne4 14. Kg2 e5 15. Bxe4 dxe4 16. Nxe5 Nxe5 17. dxe5 O-O 18. Qe2 Bc5 19. Bf4 Be6 20. h4 Rad8 21. Nh3 Rd3 22. b3 Qc6 23. Rad1 Rfd8 24. Nf2 e3+ 25. Kh2 Rd2 26. Bxe3 Rxe2 27. Rxd8+ Kg7 0-1

[Event "RUS-chT Men Rapid 2019"]
[Site "Sochi"]
[Date "2019.10.19"]
[Round "9.7"]
[White "Vastrukhin, Oleg"]
[Black "Pogromsky, Mikhail"]
[Result "1/2-1/2"]
[ECO "A00"]
[WhiteElo "2428"]
[BlackElo "2411"]
[Annotator "NA"]
[PlyCount "39"]
[EventDate "2019.10.18"]
[EventType "swiss"]
[EventCountry "RUS"]
[SourceTitle "playchess.com"]
[Source "ChessBase"]
[SourceQuality "1"]
[TimeControl "900+10"]

1. g3 Nf6 2. Bg2 e6 3. Nf3 b6 4. O-O Bb7 5. d3 d6 6. e4 Be7 7. a4 a6 8. e5 dxe5 9. Nxe5 Bxg2 10. Kxg2 Qd5+ 11. Qf3 Qxf3+ 12. Kxf3 Nfd7 13. Nxd7 Kxd7 14. Bd2 Bf6 15. Bc3 Bxc3 16. bxc3 a5 17. Nd2 Na6 18. Nb3 e5 19. Rae1 Rae8 20. h4 1/2-1/2

[Event "RUS-chT Men Rapid 2019"]
[Site "Sochi"]
[Date "2019.10.19"]
[Round "9.8"]
[White "Ozgibcev, Anatoly"]
[Black "Utnasunov, Alexander"]
[Result "1/2-1/2"]
[ECO "B22"]
[WhiteElo "2367"]
[BlackElo "2442"]
[Annotator "NA"]
[PlyCount "58"]
[EventDate "2019.10.18"]
[EventType "swiss"]
[EventCountry "RUS"]
[SourceTitle "playchess.com"]
[Source "ChessBase"]
[SourceQuality "1"]
[TimeControl "900+10"]

1. e4 c5 2. c3 Nf6 3. e5 Nd5 4. d4 cxd4 5. Nf3 Nc6 6. Bc4 Nb6 7. Bb3 d5 8. exd6 Qxd6 9. O-O Be6 10. Bxe6 Qxe6 11. Nxd4 Nxd4 12. Qxd4 Rd8 13. Qh4 Qe2 14. Bd2 Rxd2 15. Nxd2 Qxd2 16. Rfd1 Qh6 17. Qg3 Qc6 18. Rd4 f6 19. Qb8+ Nc8 20. Rad1 Kf7 21. Rd8 Nd6 22. Qxa7 h5 23. Qa3 h4 24. Rd4 h3 25. gxh3 Rh5 26. Qa8 Rg5+ 27. Rg4 Re5 28. Rxf8+ Ke6 29. Kf1 Qh1+ 1/2-1/2

[Event "RUS-chT Men Rapid 2019"]
[Site "Sochi"]
[Date "2019.10.19"]
[Round "9.9"]
[White "Timofeev, Artyom"]
[Black "Bocharov, Dmitry"]
[Result "1/2-1/2"]
[ECO "A36"]
[WhiteElo "2595"]
[BlackElo "2519"]
[Annotator "ChessBase"]
[PlyCount "36"]
[EventDate "2019.10.18"]
[EventType "swiss"]
[EventCountry "RUS"]
[SourceTitle "playchess.com"]
[Source "ChessBase"]
[SourceQuality "1"]
[TimeControl "900+10"]

1. c4 c5 2. Nc3 g6 3. g3 Bg7 4. Bg2 Nc6 5. e3 e6 6. Nge2 Nge7 7. O-O O-O 8. d4 cxd4 9. Nxd4 Nxd4 10. exd4 d5 11. cxd5 Nxd5 12. Nxd5 exd5 13. Qb3 Be6 14. Be3 Qd7 15. Rac1 Rac8 16. h4 h5 17. Qb4 b6 18. b3 Rfe8 1/2-1/2

[Event "RUS-chT Men Rapid 2019"]
[Site "Sochi"]
[Date "2019.10.19"]
[Round "9.10"]
[White "Yuffa, Daniil"]
[Black "Iljin, Artem"]
[Result "1/2-1/2"]
[ECO "E06"]
[WhiteElo "2577"]
[BlackElo "2509"]
[Annotator "ChessBase"]
[PlyCount "51"]
[EventDate "2019.10.18"]
[EventType "swiss"]
[EventCountry "RUS"]
[SourceTitle "playchess.com"]
[Source "ChessBase"]
[SourceQuality "1"]
[TimeControl "900+10"]

1. d4 d5 2. c4 e6 3. Nf3 Nf6 4. g3 Be7 5. Bg2 O-O 6. O-O dxc4 7. Qc2 c6 8. a4 b6 9. Nbd2 Bb7 10. Nxc4 Nbd7 11. Nfe5 Qc8 12. Nxd7 Nxd7 13. Rd1 c5 14. d5 exd5 15. Bxd5 Bxd5 16. Rxd5 Nf6 17. Re5 Re8 18. Bg5 Qh3 19. Bxf6 Bxf6 20. Rxe8+ Rxe8 21. Rd1 h5 22. Nd6 Rd8 23. Nc4 Re8 24. Nd6 Rd8 25. Nc4 Re8 26. Nd6 1/2-1/2

[Event "RUS-chT Men Rapid 2019"]
[Site "Sochi"]
[Date "2019.10.19"]
[Round "9.12"]
[White "Khismatullin, Denis"]
[Black "Samusenko, Maksim"]
[Result "0-1"]
[ECO "A50"]
[WhiteElo "2611"]
[BlackElo "2445"]
[Annotator "ChessBase"]
[PlyCount "62"]
[EventDate "2019.10.18"]
[EventType "swiss"]
[EventCountry "RUS"]
[SourceTitle "playchess.com"]
[Source "ChessBase"]
[SourceQuality "1"]
[TimeControl "900+10"]

1. c4 g6 2. d4 Nf6 3. h4 d6 4. Nc3 Bg7 5. e4 Nc6 6. Be2 e5 7. d5 Nd4 8. Nf3 c5 9. dxc6 Nxc6 10. Bg5 h6 11. Bxf6 Bxf6 12. h5 Bg4 13. hxg6 fxg6 14. Nxe5 Bxe5 15. Bxg4 h5 16. Bh3 O-O 17. Qd2 Kg7 18. g3 Nd4 19. O-O-O Nf3 20. Qe3 Bf6 21. Kb1 Bg5 22. Qe2 Qb6 23. Nd5 Qc5 24. b4 Qc6 25. Bg2 Ne5 26. f4 Qxc4 27. Rhe1 Rac8 28. Qb2 Kh7 29. Bf1 Qc6 30. fxg5 Qa4 31. Nf6+ Kh8 0-1

[Event "RUS-chT Men Rapid 2019"]
[Site "Sochi"]
[Date "2019.10.19"]
[Round "9.13"]
[White "Pridorozhni, Aleksei"]
[Black "Nesterov, Arseniy"]
[Result "1-0"]
[ECO "C24"]
[WhiteElo "2599"]
[BlackElo "2484"]
[Annotator "ChessBase"]
[PlyCount "91"]
[EventDate "2019.10.18"]
[EventType "swiss"]
[EventCountry "RUS"]
[SourceTitle "playchess.com"]
[Source "ChessBase"]
[SourceQuality "1"]
[TimeControl "900+10"]

1. e4 e5 2. Bc4 Nf6 3. d3 Nc6 4. Nc3 Bc5 5. a3 O-O 6. Bg5 h6 7. Bh4 d6 8. Nf3 g5 9. Bg3 Nh5 10. Nd2 Nf4 11. Bxf4 gxf4 12. Nd5 Ne7 13. g3 Nxd5 14. Bxd5 c6 15. Bb3 Qf6 16. Qf3 Kh7 17. gxf4 Qxf4 18. Qxf4 exf4 19. c3 Bb6 20. d4 c5 21. d5 f5 22. Bc2 fxe4 23. Bxe4+ Bf5 24. f3 c4 25. Nxc4 Bxe4 26. fxe4 Rae8 27. Nxd6 Re7 28. O-O-O Bc5 29. e5 f3 30. b4 Be3+ 31. Kc2 Rxe5 32. Nxb7 Bb6 33. c4 Re7 34. Nd6 Bc7 35. Nb5 Re2+ 36. Kb3 Bxh2 37. d6 Bf4 38. d7 Bg5 39. c5 a6 40. Nd4 Re3+ 41. Kc4 f2 42. Rhf1 Bh4 43. c6 Bg3 44. a4 Re1 45. Rdxe1 fxe1=Q 46. Rxe1 1-0

[Event "RUS-chT Men Rapid 2019"]
[Site "Sochi"]
[Date "2019.10.19"]
[Round "9.14"]
[White "Shubin, Kirill"]
[Black "Potapov, Pavel"]
[Result "1/2-1/2"]
[ECO "B31"]
[WhiteElo "2416"]
[BlackElo "2489"]
[Annotator "ChessBase"]
[PlyCount "66"]
[EventDate "2019.10.18"]
[EventType "swiss"]
[EventCountry "RUS"]
[SourceTitle "playchess.com"]
[Source "ChessBase"]
[SourceQuality "1"]
[TimeControl "900+10"]

1. e4 c5 2. Nf3 Nc6 3. Bb5 g6 4. Bxc6 bxc6 5. d4 Bg7 6. dxc5 Qa5+ 7. c3 Qxc5 8. O-O d6 9. Nbd2 Nf6 10. h3 O-O 11. Re1 Rd8 12. Nb3 Qb6 13. Be3 Qc7 14. Qc2 Bb7 15. Rad1 c5 16. Bf4 Qb6 17. Nbd2 h6 18. c4 Bc6 19. e5 Ne8 20. b3 e6 21. Ne4 Bxe4 22. Qxe4 Rac8 23. Qe3 Kh7 24. exd6 Nxd6 25. Be5 Nf5 26. Qf4 Rxd1 27. Rxd1 f6 28. Bc3 e5 29. Qe4 Rd8 30. Rxd8 Qxd8 31. g4 Qd1+ 32. Kg2 Nd6 33. Qe3 Qc2 1/2-1/2

[Event "RUS-chT Men Rapid 2019"]
[Site "Sochi"]
[Date "2019.10.19"]
[Round "9.15"]
[White "Belyakov, Bogdan"]
[Black "Dudin, Gleb"]
[Result "1-0"]
[ECO "B06"]
[WhiteElo "2495"]
[BlackElo "2314"]
[Annotator "ChessBase"]
[PlyCount "83"]
[EventDate "2019.10.18"]
[EventType "swiss"]
[EventCountry "RUS"]
[SourceTitle "playchess.com"]
[Source "ChessBase"]
[SourceQuality "1"]
[TimeControl "900+10"]

1. e4 g6 2. d4 Bg7 3. Nc3 d6 4. Nf3 a6 5. a4 Bg4 6. Be2 Nc6 7. Be3 e5 8. dxe5 Bxf3 9. Bxf3 Nxe5 10. Be2 Ne7 11. O-O O-O 12. f4 Nd7 13. Bd4 Nc6 14. Bxg7 Kxg7 15. Qd2 Nf6 16. Rad1 Re8 17. Bf3 Qb8 18. g4 Qa7+ 19. Kg2 Qc5 20. g5 Ng8 21. Nd5 Nce7 22. b4 Qc4 23. Ne3 Qe6 24. Qc3+ f6 25. Qxc7 Rac8 26. Qxd6 Qxd6 27. Rxd6 fxg5 28. fxg5 Rc3 29. Rd3 Rec8 30. Rfd1 h6 31. gxh6+ Nxh6 32. Kf2 Nf7 33. Rxc3 Rxc3 34. Rd7 Nc6 35. Rxb7 Nd4 36. Bd1 Kf8 37. Rb6 Ng5 38. Nd5 Nxe4+ 39. Kg2 Ra3 40. Rxg6 Rxa4 41. Rg4 Ra1 42. Ne3 1-0

[Event "RUS-chT Men Rapid 2019"]
[Site "Sochi"]
[Date "2019.10.19"]
[Round "9.16"]
[White "Yeritsyan, Aram"]
[Black "Savitskiy, Sergey"]
[Result "1/2-1/2"]
[ECO "B54"]
[WhiteElo "2271"]
[BlackElo "2407"]
[Annotator "NA"]
[PlyCount "88"]
[EventDate "2019.10.18"]
[EventType "swiss"]
[EventCountry "RUS"]
[SourceTitle "playchess.com"]
[Source "ChessBase"]
[SourceQuality "1"]
[TimeControl "900+10"]

1. e4 c5 2. Nf3 d6 3. d4 cxd4 4. Nxd4 Nf6 5. f3 Nc6 6. c4 Nxd4 7. Qxd4 g6 8. Be3 Bg7 9. Nc3 O-O 10. Qd2 Be6 11. Be2 Qa5 12. Rc1 Rfc8 13. Nd5 Qxd2+ 14. Kxd2 Nxd5 15. cxd5 Bd7 16. b3 Bb2 17. Rxc8+ Rxc8 18. Rb1 Bc3+ 19. Kd1 Be5 20. f4 Bg7 21. Rc1 Rxc1+ 22. Kxc1 a6 23. g4 e6 24. dxe6 fxe6 25. Kd2 Kf7 26. a4 Bc6 27. Kd3 Bh6 28. h4 e5 29. g5 exf4 30. gxh6 fxe3 31. Kxe3 Bd7 32. Kf4 a5 33. e5 Ke7 34. h5 dxe5+ 35. Kxe5 gxh5 36. Bxh5 b5 37. axb5 Bxb5 38. Bg6 a4 39. Bxh7 Kf7 40. b4 a3 41. Bb1 Bc4 42. Kd6 a2 43. Bxa2 Bxa2 44. b5 Bc4 1/2-1/2

[Event "RUS-chT Men Rapid 2019"]
[Site "Sochi"]
[Date "2019.10.19"]
[Round "9.17"]
[White "Tsydypov, Zhamsaran"]
[Black "Ponkratov, Pavel"]
[Result "1/2-1/2"]
[ECO "C70"]
[WhiteElo "2553"]
[BlackElo "2621"]
[Annotator "ChessBase"]
[PlyCount "69"]
[EventDate "2019.10.18"]
[EventType "swiss"]
[EventCountry "RUS"]
[SourceTitle "playchess.com"]
[Source "ChessBase"]
[SourceQuality "1"]
[TimeControl "900+10"]

1. e4 e5 2. Nf3 Nc6 3. Bb5 a6 4. Ba4 Nge7 5. Bb3 h6 6. d4 exd4 7. Nxd4 Nxd4 8. Qxd4 Nc6 9. Qc4 Qf6 10. Nc3 Bb4 11. Bd2 O-O 12. O-O b5 13. Qd3 Qd6 14. Be3 Ne5 15. Qxd6 Bxd6 16. a4 Ng4 17. axb5 Bxh2+ 18. Kh1 Nxe3 19. fxe3 Be5 20. Nd5 Bb7 21. Rf5 d6 22. bxa6 Rxa6 23. Rxa6 Bxa6 24. Ne7+ Kh7 25. Bxf7 Ra8 26. Bd5 Re8 27. Rf7 Bxb2 28. e5 Bxe5 29. Be4+ Kh8 30. Ng6+ Kg8 31. Bd5 Kh7 32. Nf8+ Kh8 33. Ng6+ Kh7 34. Nf8+ Kh8 35. Ng6+ 1/2-1/2

[Event "RUS-chT Men Rapid 2019"]
[Site "Sochi"]
[Date "2019.10.19"]
[Round "9.18"]
[White "Lysyj, Igor"]
[Black "Triapishko, Alexandr"]
[Result "1-0"]
[ECO "D85"]
[WhiteElo "2596"]
[BlackElo "2514"]
[Annotator "ChessBase"]
[PlyCount "127"]
[EventDate "2019.10.18"]
[EventType "swiss"]
[EventCountry "RUS"]
[SourceTitle "playchess.com"]
[Source "ChessBase"]
[SourceQuality "1"]
[TimeControl "900+10"]

1. d4 Nf6 2. c4 g6 3. Nc3 d5 4. cxd5 Nxd5 5. e4 Nxc3 6. bxc3 Bg7 7. Bg5 c5 8. Rc1 Qa5 9. Qd2 h6 10. Be3 cxd4 11. cxd4 Qxd2+ 12. Kxd2 O-O 13. Nf3 Rd8 14. Bc4 Nc6 15. Rhd1 Na5 16. Be2 f5 17. exf5 Bxf5 18. Ke1 Nc6 19. Ba6 bxa6 20. Rxc6 Rd6 21. Rc7 Rd7 22. Rdc1 Kf7 23. Ne5+ Bxe5 24. dxe5 g5 25. R1c6 Rxc7 26. Rxc7 Rc8 27. Rxa7 Rc6 28. f3 Ke6 29. a4 Kxe5 30. Rxe7+ Re6 31. Ra7 Bc2 32. a5 Bd3 33. Kf2 Bb5 34. Rh7 Rc6 35. Kg3 Kf5 36. h4 Kg6 37. Rh8 Kf5 38. hxg5 hxg5 39. Rf8+ Rf6 40. Rd8 Re6 41. Rd5+ Re5 42. Rxe5+ Kxe5 43. Bxg5 Kf5 44. Be3 Bc6 45. Kf2 Kg6 46. g4 Bb7 47. Kg3 Bc6 48. Bc1 Bb7 49. Ba3 Bc6 50. f4 Bd7 51. Bd6 Bc8 52. Bc5 Bd7 53. Bg1 Bc8 54. Kf3 Bb7+ 55. Ke3 Kf6 56. Bh2 Bc6 57. Bg3 Kg6 58. Bh4 Bd7 59. f5+ Bxf5 60. gxf5+ Kxf5 61. Kd4 Ke6 62. Kc5 Kd7 63. Kb6 Kc8 64. Bg3 1-0

[Event "RUS-chT Men Rapid 2019"]
[Site "Sochi"]
[Date "2019.10.19"]
[Round "9.19"]
[White "Moiseenko, Vadim"]
[Black "Gutenev, Alexander"]
[Result "1-0"]
[ECO "B89"]
[WhiteElo "2532"]
[BlackElo "2469"]
[Annotator "ChessBase"]
[PlyCount "61"]
[EventDate "2019.10.18"]
[EventType "swiss"]
[EventCountry "RUS"]
[SourceTitle "playchess.com"]
[Source "ChessBase"]
[SourceQuality "1"]
[TimeControl "900+10"]

1. e4 c5 2. Nf3 Nc6 3. d4 cxd4 4. Nxd4 Nf6 5. Nc3 d6 6. Bc4 e6 7. Be3 a6 8. Qe2 Qc7 9. f4 Na5 10. Bd3 Be7 11. g4 b5 12. g5 Nd7 13. O-O-O b4 14. Nb1 Nc5 15. Nd2 Bb7 16. Kb1 d5 17. e5 Nc4 18. f5 Nxb2 19. Kxb2 Na4+ 20. Kc1 Nc3 21. Qh5 b3 22. N2xb3 Qxe5 23. Rde1 Ba3+ 24. Kd2 Bb4 25. fxe6 O-O-O 26. exf7 Nxa2+ 27. Ke2 Rd7 28. Bf5 Nc3+ 29. Kf3 Rf8 30. Bxd7+ Kxd7 31. Bf4 1-0

[Event "RUS-chT Men Rapid 2019"]
[Site "Sochi"]
[Date "2019.10.19"]
[Round "9.20"]
[White "Radzhabov, Rodion"]
[Black "Rozum, Ivan"]
[Result "0-1"]
[ECO "B10"]
[WhiteElo "2404"]
[BlackElo "2599"]
[Annotator "ChessBase"]
[PlyCount "98"]
[EventDate "2019.10.18"]
[EventType "swiss"]
[EventCountry "RUS"]
[SourceTitle "playchess.com"]
[Source "ChessBase"]
[SourceQuality "1"]
[TimeControl "900+10"]

1. e4 c6 2. Nc3 d5 3. Qe2 d4 4. Nd1 e5 5. g3 c5 6. d3 Bd6 7. f4 Nc6 8. Nf3 exf4 9. gxf4 f6 10. Bg2 Nge7 11. O-O Qc7 12. e5 fxe5 13. fxe5 Nxe5 14. Nxe5 Bxe5 15. Bg5 Bxh2+ 16. Kh1 Qe5 17. Qh5+ g6 18. Qxh2 Qxg5 19. Nf2 Bf5 20. Bxb7 Rd8 21. Ne4 Bxe4+ 22. Bxe4 Kd7 23. b4 cxb4 24. a3 b3 25. cxb3 Rhf8 26. b4 Rc8 27. Qh3+ Kd6 28. Qh2+ Qe5 29. Rxf8 Rxf8 30. Rc1 Qxh2+ 31. Kxh2 Rf2+ 32. Kg3 Ra2 33. Rc4 Rxa3 34. Rxd4+ Ke6 35. b5 Nf5+ 36. Bxf5+ Kxf5 37. Kh4 Ra1 38. Rd7 g5+ 39. Kg3 h5 40. Rd5+ Kf6 41. Rd6+ Ke5 42. Rh6 h4+ 43. Kf3 Kf5 44. Ke3 Kg4 45. d4 h3 46. d5 Kg3 47. d6 h2 48. d7 Rd1 49. Rh7 Rxd7 {[%emt 0:00:13] Kd4} 0-1

[Event "RUS-chT Men Rapid 2019"]
[Site "Sochi"]
[Date "2019.10.19"]
[Round "9.21"]
[White "Kardashevskiy, Evgeny"]
[Black "Zakhartsov, Vladimir"]
[Result "1/2-1/2"]
[ECO "E63"]
[WhiteElo "2428"]
[BlackElo "2514"]
[Annotator "ChessBase"]
[PlyCount "90"]
[EventDate "2019.10.18"]
[EventType "swiss"]
[EventCountry "RUS"]
[SourceTitle "playchess.com"]
[Source "ChessBase"]
[SourceQuality "1"]
[TimeControl "900+10"]

1. d4 Nf6 2. Nf3 g6 3. c4 Bg7 4. g3 O-O 5. Bg2 d6 6. O-O Nc6 7. Nc3 a6 8. Re1 Rb8 9. Rb1 Bf5 10. e4 Bg4 11. h3 Bxf3 12. Bxf3 Nd7 13. Be3 e5 14. d5 Nd4 15. Bg2 c5 16. dxc6 bxc6 17. b4 c5 18. a3 Rc8 19. Bf1 cxb4 20. axb4 Nb6 21. c5 dxc5 22. Bxa6 cxb4 23. Bxd4 exd4 24. Nd5 Nxd5 25. exd5 Rc3 26. Rxb4 Qd6 27. Ra4 Qxd5 28. Bd3 Qd7 29. Bf1 Rd8 30. Ra2 Bh6 31. Qa1 Qc8 32. Ra7 d3 33. Qa2 Qc4 34. Qa5 Rd5 35. Qb6 Bf8 36. Re8 Qc5 37. Qxc5 Rcxc5 38. Raa8 d2 39. Rxf8+ Kg7 40. Rg8+ Kh6 41. Be2 Rc1+ 42. Kg2 d1=Q 43. Bxd1 Rcxd1 44. Ra4 R1d4 45. Rxd4 Rxd4 1/2-1/2

[Event "RUS-chT Men Rapid 2019"]
[Site "Sochi"]
[Date "2019.10.19"]
[Round "9.22"]
[White "Bryakin, Mikhail"]
[Black "Suleymenov, Alisher"]
[Result "1-0"]
[ECO "A56"]
[WhiteElo "2440"]
[BlackElo "2370"]
[Annotator "NA"]
[PlyCount "115"]
[EventDate "2019.10.18"]
[EventType "swiss"]
[EventCountry "RUS"]
[SourceTitle "playchess.com"]
[Source "ChessBase"]
[SourceQuality "1"]
[TimeControl "900+10"]

1. d4 Nf6 2. c4 c5 3. d5 g6 4. Nc3 Bg7 5. Nf3 O-O 6. g3 d6 7. Bg2 Na6 8. O-O Nc7 9. e4 b5 10. cxb5 Rb8 11. a4 a6 12. e5 Ng4 13. exd6 exd6 14. bxa6 Bxa6 15. Re1 Bc4 16. Ra3 Re8 17. Rxe8+ Qxe8 18. h3 Nf6 19. Nd2 Bd3 20. Nf3 c4 21. Ne1 Bf5 22. g4 Bd7 23. Nc2 h5 24. g5 Nh7 25. h4 Bf5 26. Ne3 Bd3 27. Bf1 Qe5 28. Bxd3 cxd3 29. Qxd3 Rb4 30. Ng2 Rd4 31. Qf3 Rg4 32. Bf4 Qf5 33. Qe4 Qxe4 34. Nxe4 Nxd5 35. f3 Rxg2+ 36. Kxg2 Nxf4+ 37. Kg3 Bxb2 38. Ra2 Be5 39. a5 Nd5+ 40. Kg2 Nb4 41. a6 Nc6 42. Rc2 Na7 43. Rc7 Bd4 44. Nxd6 f6 45. Nc8 Nxc8 46. Rxc8+ Kf7 47. Rc7+ Kg8 48. gxf6 Nxf6 49. a7 Bxa7 50. Rxa7 Nd5 51. Kg3 Kf8 52. Rb7 Kg8 53. Rb5 Nf6 54. Kf4 Kf7 55. Kg5 Nh7+ 56. Kh6 Nf8 57. Rb6 Nd7 58. Rb7 1-0

[Event "RUS-chT Men Rapid 2019"]
[Site "Sochi"]
[Date "2019.10.19"]
[Round "9.23"]
[White "Cherednichenko, Dmitrij"]
[Black "Golubov, Saveliy"]
[Result "0-1"]
[ECO "E94"]
[WhiteElo "2275"]
[BlackElo "2469"]
[Annotator "ChessBase"]
[PlyCount "114"]
[EventDate "2019.10.18"]
[EventType "swiss"]
[EventCountry "RUS"]
[SourceTitle "playchess.com"]
[Source "ChessBase"]
[SourceQuality "1"]
[TimeControl "900+10"]

1. d4 g6 2. c4 Nf6 3. Nc3 Bg7 4. e4 O-O 5. Nf3 d6 6. Be2 e5 7. O-O Nbd7 8. Qc2 exd4 9. Nxd4 Re8 10. Be3 a5 11. f3 Nc5 12. Rad1 Qe7 13. Rfe1 c6 14. Bf1 a4 15. b4 axb3 16. axb3 Ne6 17. Nde2 Bd7 18. b4 Ra3 19. Bc1 Raa8 20. Qd3 Red8 21. f4 Be8 22. Be3 Qc7 23. h3 h6 24. Kh1 Ra3 25. Qc2 Nf8 26. Bf2 g5 27. fxg5 hxg5 28. Qc1 Rb3 29. Qxg5 Ne6 30. Qd2 Rxb4 31. Nb5 Qa5 32. Ra1 Nxe4 33. Rxa5 Nxd2 34. Nbd4 Nxf1 35. Rxf1 Rxc4 36. Nf5 d5 37. Bb6 Rb8 38. Ne7+ Kh7 39. Ng3 Rb4 40. Be3 Be5 41. Ngf5 Ng7 42. Bc5 Nxf5 43. Nxf5 b6 44. Bxb4 bxa5 45. Bxa5 c5 46. Re1 f6 47. Ne7 d4 48. Kg1 c4 49. Nd5 Bf7 50. Nb4 Rb5 51. Nc6 Bg3 52. Rf1 Bd5 53. Be1 Rb2 54. Bxg3 Rxg2+ 55. Kh1 Rxg3+ 56. Kh2 Rg2+ 57. Kh1 Rf2+ 0-1

[Event "RUS-chT Men Rapid 2019"]
[Site "Sochi"]
[Date "2019.10.19"]
[Round "9.24"]
[White "Apryshko, Gleb"]
[Black "Navrodskiy, Boris"]
[Result "1-0"]
[ECO "A00"]
[WhiteElo "2382"]
[BlackElo "2197"]
[Annotator "NA"]
[PlyCount "63"]
[EventDate "2019.10.18"]
[EventType "swiss"]
[EventCountry "RUS"]
[SourceTitle "playchess.com"]
[Source "ChessBase"]
[SourceQuality "1"]
[TimeControl "900+10"]

1. g3 Nf6 2. Bg2 d5 3. d3 Bg4 4. Nd2 Nbd7 5. Ngf3 e6 6. O-O Bd6 7. Qe1 O-O 8. e4 dxe4 9. dxe4 Bxf3 10. Nxf3 e5 11. a4 c6 12. Nd2 Re8 13. Nc4 Bc7 14. Qe2 Qe7 15. b3 a5 16. Bh3 Nc5 17. f3 Red8 18. Ba3 b5 19. Qf2 b4 20. Bb2 Nfd7 21. Rad1 Nb6 22. Rxd8+ Rxd8 23. Nxa5 Nbxa4 24. Nxc6 Qe8 25. Nxd8 Nxb2 26. Qxc5 Qxd8 27. Qd5 Qxd5 28. exd5 Bb6+ 29. Kg2 Kf8 30. d6 Bc5 31. Ra1 Bxd6 32. Rb1 1-0

[Event "RUS-chT Men Rapid 2019"]
[Site "Sochi"]
[Date "2019.10.19"]
[Round "9.25"]
[White "Nozdrachev, Vladislav"]
[Black "Smirnov, Timofey"]
[Result "1/2-1/2"]
[ECO "C50"]
[WhiteElo "2494"]
[BlackElo "2354"]
[Annotator "ChessBase"]
[PlyCount "50"]
[EventDate "2019.10.18"]
[EventType "swiss"]
[EventCountry "RUS"]
[SourceTitle "playchess.com"]
[Source "ChessBase"]
[SourceQuality "1"]
[TimeControl "900+10"]

1. e4 e5 2. Nf3 Nc6 3. Bc4 Bc5 4. d3 Nf6 5. O-O O-O 6. a4 a5 7. c3 d6 8. Nbd2 Ba7 9. h3 Ne7 10. Re1 Ng6 11. Nf1 c6 12. Bb3 Re8 13. Ng3 h6 14. d4 Be6 15. Bc2 Qc7 16. Be3 Rad8 17. Qc1 Bb8 18. b3 Bc8 19. c4 exd4 20. Nxd4 d5 21. cxd5 cxd5 22. Nb5 Qc6 23. Nd4 Qc7 24. Nb5 Qc6 25. Nd4 Qc7 1/2-1/2

[Event "RUS-chT Men Rapid 2019"]
[Site "Sochi"]
[Date "2019.10.19"]
[Round "9.26"]
[White "Gurvich, Vitaly"]
[Black "Vakhlamov, Igor L."]
[Result "1/2-1/2"]
[ECO "D30"]
[WhiteElo "2278"]
[BlackElo "2413"]
[Annotator "NA"]
[PlyCount "64"]
[EventDate "2019.10.18"]
[EventType "swiss"]
[EventCountry "RUS"]
[SourceTitle "playchess.com"]
[Source "ChessBase"]
[SourceQuality "1"]
[TimeControl "900+10"]

1. d4 Nf6 2. c4 e6 3. Nf3 d5 4. Bg5 Nbd7 5. e3 h6 6. Bxf6 Nxf6 7. Nbd2 Be7 8. Bd3 O-O 9. O-O c5 10. dxc5 dxc4 11. Nxc4 Bxc5 12. a3 b6 13. Qe2 Bb7 14. Rfd1 Qb8 15. h3 Rd8 16. Rac1 Bd5 17. Nce5 a5 18. Bc4 Bb7 19. Bb5 Rxd1+ 20. Rxd1 Qc7 21. Nd7 Rd8 22. Nxf6+ gxf6 23. Rxd8+ Qxd8 24. Qd3 Qxd3 25. Bxd3 Kg7 26. e4 Bc6 27. Kf1 Kf8 28. Ke2 b5 29. b4 axb4 30. axb4 Bxb4 31. Nd4 Bb7 32. Nxb5 Bc5 1/2-1/2

[Event "RUS-chT Men Rapid 2019"]
[Site "Sochi"]
[Date "2019.10.19"]
[Round "9.27"]
[White "Tsoi, Dmitry"]
[Black "Chizhikov, Vladislav"]
[Result "1-0"]
[ECO "A02"]
[WhiteElo "2329"]
[BlackElo "2273"]
[Annotator "NA"]
[PlyCount "157"]
[EventDate "2019.10.18"]
[EventType "swiss"]
[EventCountry "RUS"]
[SourceTitle "playchess.com"]
[Source "ChessBase"]
[SourceQuality "1"]
[TimeControl "900+10"]

1. f4 f5 2. Nf3 Nf6 3. e3 b6 4. b4 e6 5. a3 Bb7 6. Bb2 Be7 7. Be2 O-O 8. O-O c5 9. Nc3 cxb4 10. axb4 Bxb4 11. Ra4 a5 12. Nb5 Na6 13. Ba3 Nc5 14. Bxb4 Nxa4 15. Bxf8 Qxf8 16. Qa1 Nc5 17. Rb1 Ba6 18. c4 Bxb5 19. Rxb5 Qd6 20. Qa3 a4 21. Nd4 Qc7 22. Bf3 Ra6 23. Rb4 Qd6 24. Rb2 Ne8 25. d3 Nc7 26. h3 g6 27. g3 Kf7 28. Kf1 e5 29. fxe5 Qxe5 30. Kf2 Qe7 31. Ra2 h5 32. h4 Qf6 33. Ne2 N7e6 34. Kg2 Kg7 35. Nc3 Nxd3 36. Nd5 Ne1+ 37. Kf2 Qe5 38. Kxe1 Qxg3+ 39. Rf2 d6 40. Qc3+ Qe5 41. Ra2 Nc5 42. Qxe5+ dxe5 43. Nb4 Ra7 44. Nc6 Rc7 45. Nb4 Rd7 46. Bc6 Ra7 47. Ra3 g5 48. hxg5 Kg6 49. Ke2 e4 50. Ra1 a3 51. Be8+ Kxg5 52. Rg1+ Kh4 53. Na2 Rc7 54. Rh1+ Kg3 55. Rxh5 Nd3 56. Rg5+ Kh4 57. Rxf5 Rxc4 58. Kd2 Kg3 59. Rg5+ Kf2 60. Rf5+ Kg3 61. Bf7 Rc8 62. Nc3 Nc5 63. Rg5+ Kh4 64. Rg8 Rc7 65. Ba2 b5 66. Nxb5 Rb7 67. Bc4 Na4 68. Nxa3 Rb4 69. Be2 Nc5 70. Nc2 Ra4 71. Rg4+ Kh3 72. Rg5 Nb3+ 73. Kc3 Nc1 74. Bc4 Kh2 75. Rd5 Kg3 76. Rd1 Nd3 77. Bxd3 exd3 78. Kxd3 Ra8 79. Rf1 1-0

[Event "RUS-chT Men Rapid 2019"]
[Site "Sochi"]
[Date "2019.10.19"]
[Round "9.28"]
[White "Girshgorn, Leonid"]
[Black "Frolov, Aleksey G."]
[Result "1-0"]
[ECO "A05"]
[WhiteElo "2183"]
[BlackElo "2093"]
[Annotator "NA"]
[PlyCount "149"]
[EventDate "2019.10.18"]
[EventType "swiss"]
[EventCountry "RUS"]
[SourceTitle "playchess.com"]
[Source "ChessBase"]
[SourceQuality "1"]
[TimeControl "900+10"]

1. Nf3 Nf6 2. g3 g6 3. Bg2 d5 4. O-O Bg7 5. d3 O-O 6. Nbd2 c5 7. e4 Nc6 8. Re1 e5 9. exd5 Nxd5 10. Nc4 Re8 11. a4 Ndb4 12. Ng5 Be6 13. Nxe6 Rxe6 14. Be3 Nd4 15. c3 Nxd3 16. Rf1 e4 17. cxd4 cxd4 18. Bf4 Rc8 19. b3 Nxf4 20. gxf4 Qh4 21. Bxe4 Rxc4 22. bxc4 Rxe4 23. Qd3 Rxf4 24. Rae1 h6 25. h3 Qh5 26. Kg2 Rf5 27. Re4 Qg5+ 28. Rg4 Qf6 29. Qe4 b6 30. Rg3 Rf4 31. Qa8+ Kh7 32. Rf3 Qg5+ 33. Kh1 Qf5 34. Kg2 Qg5+ 35. Rg3 Qc5 36. Qd5 Qxd5+ 37. cxd5 Rf5 38. Rf3 Rg5+ 39. Kh2 Kg8 40. Rc1 Rxd5 41. Rc8+ Bf8 42. Rc2 Bb4 43. Rc8+ Kg7 44. Rd3 Bc5 45. Kg2 Re5 46. Kf3 Re1 47. a5 Rh1 48. Ke4 Rf1 49. Rf3 Re1+ 50. Kd5 Re7 51. a6 Rd7+ 52. Kc4 f5 53. Rb8 Kf6 54. Rb7 Ke7 55. h4 Kd8 56. h5 gxh5 57. Rxf5 h4 58. Rh5 Rxb7 59. axb7 Kc7 60. f4 Kxb7 61. f5 a5 62. f6 Bf8 63. Rxh4 Kc6 64. Kxd4 Kd6 65. Re4 a4 66. Kc4 a3 67. Kb3 Kd5 68. Re8 Bc5 69. f7 a2 70. Kxa2 h5 71. f8=Q Bxf8 72. Rxf8 Ke5 73. Rh8 Kf5 74. Rxh5+ Kg4 75. Rb5 1-0